 Dungeon Crawl Stone Soup version 0.21.0-3-g78d12a8 (webtiles) character file.

7562 Faca the Cleaver (level 10, -10/93 HPs)
             Began as a Minotaur Berserker on Jan 12, 2018.
             Was a High Priest of Trog.
             Mangled by a catoblepas (12 damage)
             ... on level 9 of the Dungeon.
             The game lasted 00:18:26 (9321 turns).

Faca the Cleaver (Minotaur Berserker)               Turns: 9321, Time: 00:18:27

Health: -10/93     AC: 18    Str: 22    XL:     10   Next: 96%
Magic:  9/9        EV:  2    Int:  4    God:    Trog [*****.]
Gold:   477        SH:  0    Dex: 13    Spells: 9/9 levels left

rFire    . . .     SeeInvis .   a - +0 hand axe
rCold    + . .     Gourm    .   (no shield)
rNeg     + + +     Faith    .   p - +0 chain mail
rPois    ∞         Spirit   .   (helmet restricted)
rElec    .         Reflect  .   n - +1 cloak {+Inv}
rCorr    .         Harm     .   d - +1 pair of gloves
MR       .....                  g - +1 pair of boots
Stlth    ..........             (no amulet)
HPRegen  0.25/turn              s - ring of protection from cold
MPRegen  0.11/turn              (no ring)

@: petrified
A: retaliatory headbutt, horns 2
a: Berserk, Trog's Hand, Brothers in Arms, Burn Spellbooks, Renounce Religion,
Evoke Invisibility


You were on level 9 of the Dungeon.
You worshipped Trog.
Trog was extremely pleased with you.
You were not hungry.

You visited 1 branch of the dungeon, and saw 9 of its levels.
You also visited: Sewer.

You collected 477 gold pieces.

Inventory:

Hand Weapons
 a - a +0 hand axe (weapon)
 u - a +0 battleaxe
 A - a +0 flail of protection
Missiles
 k - 5 exploding tomahawks (quivered)
Armour
 d - a +1 pair of gloves (worn)
 g - a +1 pair of boots (worn)
 n - a +1 cloak of invisibility (worn)
 p - a +0 chain mail (worn)
 v - +0 gold dragon scales
 G - a +0 plate armour
Jewellery
 s - a ring of protection from cold (left hand)
 H - an uncursed ring of flight
Wands
 F - a wand of iceblast (9)
Scrolls
 e - 2 scrolls of enchant armour
 h - 5 scrolls of immolation {unknown}
 q - a scroll of random uselessness {unknown}
 r - 8 scrolls of teleportation
 t - 3 scrolls of fear
 x - 9 scrolls of remove curse
 y - 4 scrolls of blinking
 D - 3 scrolls of magic mapping
 I - a scroll of brand weapon {unknown}
 J - a scroll of vulnerability {unknown}
 K - a scroll of holy word {unknown}
 L - a scroll of enchant weapon {unknown}
Potions
 b - 5 potions of mutation
 f - 8 potions of curing
 i - 8 potions of might {unknown}
 j - a potion of berserk rage
 l - a potion of flight {unknown}
 m - 3 potions of invisibility
 o - a potion of degeneration {unknown}
 w - 2 potions of brilliance
 z - a potion of resistance
 B - a potion of agility
 C - 4 potions of haste {unknown}
 E - a potion of heal wounds {unknown}
Comestibles
 c - 8 rations
 M - 3 chunks of flesh


   Skills:
 + Level 9.8 Fighting
 * Level 12.9 Axes
 + Level 9.4 Armour
 + Level 8.6 Dodging


You had 9 spell levels left.
You didn't know any spells.

Dungeon Overview and Level Annotations

Branches:
Dungeon (9/15)             Temple (0/1) D:7             Orc (0/2) D:9
   Lair: D:8-11

Altars:
Dithmenos
Fedhas
Gozag
Qazlal
Trog
Yredelemnul
The Shining One

Shops:
D:9 %


Innate Abilities, Weirdness & Mutations

You reflexively headbutt those who attack you in melee.
You have a pair of horns on your head.


Message History

The shadow flickers and vanishes!
Deactivating autopickup; reactivate with Ctrl-A.
The catoblepas gores you!!
* * * LOW HITPOINT WARNING * * *
You are engulfed in calcifying dust.
The shadow strikes at you from the darkness!
Reactivating autopickup.
The catoblepas gores you but does no damage.
You are engulfed in calcifying dust.
The shadow slips into darkness.
The shadow flickers and vanishes!
Deactivating autopickup; reactivate with Ctrl-A.
The catoblepas gores you!
* * * LOW HITPOINT WARNING * * *
You are engulfed in calcifying dust.
The shadow strikes at you from the darkness!
* * * LOW HITPOINT WARNING * * *
Reactivating autopickup.
The catoblepas gores you!!
You die...

.................###.#.#.##......
..................#.#.#.##....8##
..................####.#.#......<
.....#..............####.........
.....#...........................
#.####...................#.......
..# ##..###...###.....###.......
########.##################.###..
.........#!....W@...'.....#.# #..
.........#)....Y....#...†.#.###..
##.......##.†#####..#..#†.#.#....
.###......#... #..#..#..#.#.##.
...##.....#...# #..#..#..#.#....
....#.....##..W #..#..#..#.#####
#...##.....#.... #..#..#..#......
##...#.....##... ...#..#..#.#####
###..#......###.. #..#..#.#


You could see a catoblepas and a shadow.

Vanquished Creatures
  A two-headed ogre (D:8)
  A queen bee (D:9)
  A wraith (D:9)
  9 yaks (D:9)
  A steam dragon (D:9)
  Eustachio (D:4)
  2 hungry ghosts
  The ghost of HailEris the Poker, an amateur MfGl (D:3)
  Edmund (D:4)
  4 orc warriors
  2 ice beasts
  2 phantoms
  A sky beast (D:5)
  4 ogres
  A black bear (D:6)
  2 crocodiles (D:9)
  4 centaurs
  4 bullfrogs
  A gnoll sergeant (D:8)
  2 scorpions
  14 killer bees (D:9)
  A bullfrog zombie (D:8)
  4 crimson imps
  5 hounds
  2 centaur zombies
  Crazy Yiuf (D:3)
  An orc priest (D:3)
  A jelly (D:6)
  10 orc wizards
  2 bullfrog skeletons
  A gnoll shaman (D:5)
  Terence (D:3)
  Natasha (thrice) (D:4)
  2 iguanas
  10 worker ants
  2 hound zombies
  9 gnolls
  17 adders
  6 river rats (Sewer)
  2 shadow imps
  2 oozes
  An adder skeleton (D:6)
  A worm (D:6)
  2 dart slugs
  6 leopard geckos
  38 orcs
  7 bats
  4 giant cockroaches
  7 goblins
  5 hobgoblins
  7 jackals
  6 quokkas
  14 ball pythons
  6 frilled lizards
  A jackal skeleton (D:4)
  A jackal zombie (D:5)
  6 kobolds
  A leopard gecko skeleton (D:6)
  27 rats
281 creatures vanquished.

Vanquished Creatures (others)
  A bullfrog (D:9)
1 creature vanquished.

Grand Total: 282 creatures vanquished

Notes
Turn   | Place    | Note
-------+----------+-------------------------------------------
     0 | D:1      | Faca the Minotaur Berserker began the quest for the Orb.
     0 | D:1      | Reached XP level 1. HP: 19/19 MP: 0/0
   586 | D:1      | Reached XP level 2. HP: 27/27 MP: 1/1
   609 | D:1      | Reached skill level 4 in Axes
  1227 | D:2      | Reached XP level 3. HP: 33/33 MP: 2/2
  1308 | D:2      | Found a bloodstained altar of Trog.
  1346 | D:2      | Found a basalt altar of Yredelemnul.
  1386 | D:2      | Found a glowing golden altar of the Shining One.
  1465 | D:2      | Reached ** piety under Trog
  1526 | D:2      | Reached XP level 4. HP: 40/40 MP: 3/3
  1666 | D:2      | Noticed an angel
  1781 | D:3      | Noticed HailEris's ghost (amateur MfGl)
  1799 | D:3      | Killed HailEris's ghost
  1799 | D:3      | Reached skill level 5 in Axes
  1799 | D:3      | Reached XP level 5. HP: 31/47 MP: 4/4
  2011 | D:3      | Found a stormy altar of Qazlal.
  2209 | D:3      | Found a runed door.
  2213 | D:3      | Noticed Crazy Yiuf
  2218 | D:3      | Killed Crazy Yiuf
  2284 | D:3      | Noticed Terence
  2300 | D:3      | Killed Terence
  2300 | D:3      | Reached XP level 6. HP: 42/55 MP: 5/5
  2401 | D:3      | Reached skill level 5 in Fighting
  2460 | D:3      | Reached skill level 6 in Axes
  2697 | D:4      | Noticed Eustachio
  2698 | D:4      | Noticed Natasha
  2705 | D:4      | Killed Natasha
  2725 | D:4      | Killed Eustachio
  2795 | D:4      | Noticed Natasha
  2804 | D:4      | Killed Natasha
  2804 | D:4      | Reached XP level 7. HP: 39/61 MP: 6/6
  2880 | D:4      | Reached *** piety under Trog
  2897 | D:4      | Noticed Natasha
  2901 | D:4      | Killed Natasha
  3312 | D:4      | Noticed Edmund
  3322 | D:4      | Killed Edmund
  3322 | D:4      | Reached skill level 7 in Axes
  3384 | D:5      | Entered Level 5 of the Dungeon
  3413 | D:5      | Reached skill level 5 in Armour
  3852 | D:5      | Reached XP level 8. HP: 53/70 MP: 7/7
  3853 | D:5      | Reached skill level 8 in Axes
  3853 | D:5      | Reached skill level 5 in Dodging
  4494 | D:6      | Found a glowing drain.
  4511 | Sewer    | Entered a sewer
  4543 | Sewer    | Reached **** piety under Trog
  4845 | D:6      | Reached skill level 9 in Axes
  5494 | D:6      | Reached XP level 9. HP: 79/79 MP: 8/8
  5728 | D:6      | Found an opulent altar of Gozag.
  5798 | D:7      | Found a blossoming altar of Fedhas.
  5809 | D:7      | Found a stormy altar of Qazlal.
  6149 | D:7      | Reached ***** piety under Trog
  6166 | D:7      | Reached skill level 10 in Axes
  6507 | D:7      | Found a staircase to the Ecumenical Temple.
  7297 | D:8      | Reached skill level 11 in Axes
  7364 | D:8      | Noticed a two-headed ogre
  7383 | D:8      | Killed a two-headed ogre
  7383 | D:8      | Reached XP level 10. HP: 24/90 MP: 9/9
  7675 | D:8      | Found a shadowy altar of Dithmenos.
  7992 | D:9      | Found Teel's Food Shoppe.
  8353 | D:9      | Found a staircase to the Orcish Mines.
  8386 | D:9      | Reached skill level 12 in Axes
  9293 | D:9      | Noticed a catoblepas
  9321 | D:9      | HP: 2/93 [something (3)]
  9321 | D:9      | Mangled by a catoblepas

Skill      XL: |  1  2  3  4  5  6  7  8  9 10 |
---------------+-------------------------------+-----
Axes           | 4 5 6 7 9 11 12 | 12.9
Fighting       | 4 5 6 7 8 9 |  9.8
Armour         | 3 4 5 6 8 9 |  9.4
Dodging        | 3 4 6 7 8 |  8.6

Action                   |  1- 3 |  4- 6 |  7- 9 | 10-12 || total
-------------------------+-------+-------+-------+-------++-------
Melee: Hand axe          |    60 |   109 |   482 |   246 ||   897
       Headbutt          |     7 |    25 |   111 |    63 ||   206
Invok: Berserk           |       |     2 |     1 |     1 ||     4
  Use: Scroll            |     9 |       |     6 |     1 ||    16
  Eat: Chunk             |     2 |     2 |     7 |     3 ||    14
       Ration            |       |     1 |     4 |     2 ||     7
Armor: Animal skin       |    16 |     8 |       |       ||    24
       Ring mail         |       |     3 |       |       ||     3
       Chain mail        |       |    41 |   283 |   108 ||   432
Dodge: Dodged            |    43 |    60 |   245 |   149 ||   497
